 Dungeon Crawl Stone Soup version 0.22.0 (webtiles) character file.

100 AymanAU the Skirmisher (level 4, 0/31 HPs)
             Began as a Gargoyle Fighter on Nov 2, 2018.
             Slain by an orc priest
             ... wielding a +0 hand axe
              (3 damage)
             ... on level 3 of the Dungeon.
             The game lasted 00:03:16 (1574 turns).

AymanAU the Skirmisher (Gargoyle Fighter)           Turns: 1574, Time: 00:03:16

Health: 0/31       AC: 11    Str: 19    XL:     4   Next: 74%
Magic:  4/4        EV:  7    Int:  9    God:
Gold:   128        SH:  9    Dex: 10    Spells: 3/3 levels left

rFire    . . .     SeeInvis .   a - +0 flail
rCold    . . .     Gourm    .   c - +0 shield
rNeg     + . .     Faith    .   b - +0 scale mail
rPois    ∞         Spirit   .   (no helmet)
rElec    +         Reflect  .   (no cloak)
rCorr    .         Harm     .   o - +0 pair of gloves
MR       .....                  (no boots)
Stlth    ..........             (no amulet)
HPRegen  0.10/turn              (no ring)
MPRegen  0.09/turn              (no ring)

@: no status effects
A: negative energy resistance 1, electricity resistance, unbreathing,
petrification resistance, rot immunity, AC +3
a: no special abilities


You were on level 3 of the Dungeon.
You were hungry.

You visited 1 branch of the dungeon, and saw 3 of its levels.

You collected 128 gold pieces.

Inventory:

Hand Weapons
 a - a +0 flail (weapon)
Missiles
 e - 41 stones (quivered)
 h - 41 poisoned needles
Armour
 b - a +0 scale mail (worn)
 c - a +0 shield (worn)
 o - a +0 pair of gloves (worn)
Wands
 p - a wand of iceblast (12)
Scrolls
 g - a scroll of remove curse {unknown}
 i - 4 scrolls of identify {unknown}
 k - 2 scrolls of teleportation {unknown}
 l - a scroll of amnesia {unknown}
 m - 2 scrolls of random uselessness {unknown}
 n - a scroll of enchant armour {unknown}
 q - a scroll of fear {unknown}
Potions
 d - a potion of might
 j - a potion of heal wounds {unknown}
 r - a potion of degeneration {unknown}
 s - a potion of berserk rage {unknown}
 t - 2 potions of magic {unknown}
 u - 2 potions of curing {unknown}
Comestibles
 f - 5 rations


   Skills:
 - Level 5.2 Fighting
 + Level 3.0 Maces & Flails
 - Level 3.2 Armour
 - Level 3.2 Shields


You had 3 spell levels left.
You didn't know any spells.
Your spell library was empty.

Dungeon Overview and Level Annotations

Branches:
Dungeon (3/15)

Altars:
Kikubaaqudgha
Nemelex Xobeh


Innate Abilities, Weirdness & Mutations

You are resistant to torment.
Your stone body is resilient. (AC +3)
You are immune to poison.
You resist negative energy. (rN+)
You are resistant to electric shocks. (rElec)
You can survive without breathing.
You are immune to petrification.
You are immune to rotting.


Message History

The orc priest hits you but does no damage.
You hit the orc priest but do no damage.
The orc priest is heavily wounded.
The orc priest hits you but does no damage.
Your shield and scale mail prevent you from hitting the orc priest.
The orc priest is heavily wounded.
The orc priest hits you but does no damage.
You hit the orc priest.
The orc priest is severely wounded.
The orc priest hits you but does no damage.
The orc priest calls down the wrath of Beogh upon you.
Beogh smites you!
* * * LOW HITPOINT WARNING * * *
You hit the orc priest but do no damage.
The orc priest is severely wounded.
The orc priest invokes the aid of Beogh against you.
Pain shoots through your body!
* * * LOW HITPOINT WARNING * * *
The orc priest hits you with a hand axe.
You die...

### .. ..# #.##.#
#.##.# #.##.## $
#.#...## . ###
#..#.#.## ....#
##.##.##.## ..#.#
#....o@.#.# ..).#
##.##†#..##
..#o#########.#.#.##
...o.go.o..###....#
###†######.####.#.#
#.# #.go.....# #$#
######.### ..# #.###
### #...#


You could see an orc priest.

Vanquished Creatures
  An orc wizard (D:2)
  An adder (D:2)
  An ooze (D:1)
  2 worms (D:2)
  A leopard gecko (D:2)
  3 orcs (D:2)
  3 bats
  2 giant cockroaches (D:2)
  6 goblins
  4 hobgoblins
  9 jackals
  2 frilled lizards (D:2)
  7 kobolds
  3 rats
45 creatures vanquished.

Notes
Turn   | Place    | Note
-------+----------+-------------------------------------------
     0 | D:1      | AymanAU the Gargoyle Fighter began the quest for the Orb.
     0 | D:1      | Reached XP level 1. HP: 14/14 MP: 1/1
   136 | D:1      | Reached XP level 2. HP: 16/20 MP: 2/2
   172 | D:1      | Reached skill level 4 in Fighting
   571 | D:2      | Reached XP level 3. HP: 21/24 MP: 3/3
   633 | D:2      | Found an ancient bone altar of Kikubaaqudgha.
   834 | D:2      | Reached skill level 5 in Fighting
   905 | D:2      | Found a sparkling altar of Nemelex Xobeh.
  1073 | D:2      | Reached XP level 4. HP: 31/31 MP: 4/4
  1573 | D:3      | HP: 3/31 [orc priest/nerve-wracking pain (4)]
  1574 | D:3      | Slain by an orc priest

Skill      XL: |  1  2  3  4 |
---------------+-------------+-----
Fighting       | 4 5 |  5.2
Maces & Flails | 3 |  3.0
Armour         | |  3.2
Shields        | |  3.2

Action                   |  1- 3 |  4- 6 || total
-------------------------+-------+-------++-------
Melee: Flail             |   144 |    45 ||   189
  Eat: Chunk             |     1 |     1 ||     2
Armor: Scale mail        |    87 |    37 ||   124
Dodge: Dodged            |    62 |    14 ||    76
Block: Shield            |    90 |    33 ||   123
